 Seeded DCSS version 0.27-a0-1555-g0e7b3fb1d2 (webtiles) character file.

Game seed: 10578448823836762310 (custom seed)

213093 karkarkar the Severer (level 18, -6/169 (170) HPs)
             Began as a Minotaur Berserker on July 13, 2021.
             Was a High Priest of Trog.
             Shot with an arrow by a deep elf master archer (38 damage)
             ... on level 2 of the Elven Halls on July 14, 2021.
             The game lasted 02:30:25 (44812 turns).

karkarkar the Severer (Minotaur Berserker)         Turns: 44812, Time: 02:30:28

HP:   -6/169 (170)  AC: 31    Str: 28    XL:     18   Next: 26%
MP:   17/17         EV: 17    Int:  4    God:    Trog [*****.]
Gold: 1224          SH: 13    Dex: 12    Spells: 17/17 levels left

rFire    . . .     SeeInvis .   W - +8 falchion of Dishonour {flame, rF- rC+ Will+++ rCorr}
rCold    + + +     Faith    +   w - +0 kite shield {rC+}
rNeg     . . .     Spirit   .   M - +4 plate armour {rC+}
rPois    .         Reflect  .   E - +2 hat
rElec    .         Harm     .   g - scarf {repulsion}
rCorr    +         Rampage  .   G - +2 pair of gloves
Will     +++++                  a - +2 pair of boots {Stlth+}
Stlth    ..........             U - amulet of faith
HPRegen  1.38/turn              N - +4 ring of evasion
MPRegen  0.15/turn              s - ring of protection from fire

@: strong-willed, regenerating, studying Slings, lightly drained, repel missiles
A: horns 2, retaliatory headbutt
}: 1/15 runes: decaying
a: Renounce Religion, Berserk, Trog's Hand, Brothers in Arms


You were on level 2 of the Elven Halls.
You worshipped Trog.
Trog was extremely pleased with you.
You visited 5 branches of the dungeon, and saw 28 of its levels.
You visited the Abyss 1 time.
You also visited: Ossuary, Bailey, Gauntlet and Ice Cave.

You collected 3360 gold pieces.
You spent 2136 gold pieces at shops.

Inventory:

Hand Weapons
 l - a +0 broad axe
 A - a +6 antimagic broad axe
 L - a +1 broad axe of flaming
 W - the +8 falchion of Dishonour (weapon) {flame, rF- rC+ Will+++ rCorr}
   (Trog gifted it to you on level 2 of the Elven Halls)

   It burns those it strikes, dealing additional fire damage.
   Big, fiery blades are also staple armaments of hydra-hunters.
   rF:        It makes you vulnerable to fire.
   rC:        It protects you from cold.
   rCorr:     It protects you from acid and corrosion.
   Will:      It greatly increases your willpower.
 X - the +5 demon whip "Spellbinder" {antimagic, Will+}
   (You took it off a minotaur in a Gauntlet)

   It reduces the magical energy of the wielder, and disrupts the spells and
   magical abilities of those it strikes.
   Natural abilities and divine invocations are not affected.
   It unleashes wild and unpredictable magical effects upon striking a wizard or
   a creature with magical abilities.
   Will:      It increases your willpower.
Missiles
 t - 12 atropa-tipped darts
 K - 2 throwing nets
 Y - 5 silver javelins (quivered)
Armour
 a - a +2 pair of boots of stealth (worn)
 g - a scarf of repulsion (worn)
 w - a +0 kite shield of cold resistance (worn)
 D - a +2 buckler of poison resistance
 E - a +2 hat (worn)
 G - a +2 pair of gloves (worn)
 M - a +4 plate armour of cold resistance (worn)
Jewellery
 h - an amulet of reflection
 s - a ring of protection from fire (right hand)
 u - a +4 ring of protection
 B - a ring of positive energy
 N - a +4 ring of evasion (left hand)
 P - a ring of poison resistance
 T - a +6 ring of dexterity
 U - an amulet of faith (around neck)
Wands
 c - a wand of acid (11)
 j - a wand of polymorph (17)
 v - a wand of flame (64)
 I - a wand of paralysis (27)
 Q - a wand of digging (6)
 R - a wand of iceblast (39)
Scrolls
 d - 20 scrolls of teleportation
 i - 4 scrolls of enchant weapon
 n - 3 scrolls of identify
 q - a scroll of fear
 r - 9 scrolls of enchant armour
 x - a scroll of silence
 y - 2 scrolls of blinking
 J - a scroll of immolation
 O - a scroll of summoning
 V - 2 scrolls of magic mapping
 Z - 2 scrolls of fog
Potions
 b - 9 potions of curing
 e - 9 potions of mutation
 f - 4 potions of resistance
 k - 6 potions of lignification
 m - a potion of heal wounds
 o - 6 potions of might
 p - a potion of flight
 z - 6 potions of haste
 C - 4 potions of attraction
 F - 2 potions of cancellation
 H - a potion of invisibility
 S - 3 potions of ambrosia


   Skills:
 + Level 17.4 Fighting
 * Level 1.3(3.4) Short Blades
 + Level 5.4(5.5) Long Blades
 - Level 17.9(18.2) Axes
 + Level 5.8(13.2) Maces & Flails
 * Level 7.8 Throwing
 + Level 16.9 Armour
 * Level 15.5 Dodging
 - Level 6.8 Stealth
 + Level 10.7 Shields
 - Level 4.7 Evocations


You had 17 spell levels left.
You didn't know any spells.
Your spell library was empty.

Dungeon Overview and Level Annotations

Branches:
Dungeon (13/15)            Temple (0/1) D:7            Lair (6/6) D:8
  Swamp (4/4) Lair:3        Snake (0/4) Lair:2        Slime (0/5) Lair:6
    Orc (2/2) D:10            Elf (3/3) Orc:2       Ossuary (visited)
 Bailey (visited)           IceCv (visited)         Gauntlet (visited)
 Vaults: D:13-14

Altars:
Dithmenos
Gozag
Hepliaklqana
Ru
Sif Muna
Vehumet
Xom
Yredelemnul
Zin
The Shining One
Jiyva

Shops:
D:2 [   D:6 *   D:8 [   D:12 *?*   Orc:2 [[::

Annotations:
D:8 3 runed translucent doors, Phlounder's ghost, novice DrAE
Swamp:4 Roxanne
Elf:1 3 runed translucent doors, Dittersdorf's ghost, adept GrFi; Fuonemn's ghost, veteran DDBe; Sobieck's ghost, adept DjFE; pokeman's ghost, adept DEWz
Elf:2 5 runed translucent doors


Innate Abilities, Weirdness & Mutations

You have a pair of horns on your head.
You reflexively headbutt those who attack you in melee.


Message History

You barely miss the orc priest. You headbutt the orc priest.
The orc priest is lightly wounded.
The orc priest hits you but does no damage.
The deep elf master archer shoots an arrow.
You block the arrow.
The deep elf master archer shoots an arrow.
You block the arrow.
The orc priest miscasts a cantrip.
You closely miss the orc priest.
The orc priest is lightly wounded.
The deep elf master archer shoots an arrow.
You block the arrow.
The deep elf master archer shoots an arrow.
The arrow closely misses you. The orc priest misses you.
You furiously retaliate!
You headbutt the orc priest!
You riposte.
You slice the orc priest!! You burn the orc priest.
You kill the orc priest!
Trog accepts your kill.
You completely miss the deep elf master archer.
You headbutt the deep elf master archer.
The deep elf master archer is lightly wounded.
The deep elf master archer shoots an arrow.
You block the arrow.
The deep elf master archer unwields a +3 longbow.
The deep elf master archer hits you!
* * * LOW HITPOINT WARNING * * *
You closely miss the deep elf master archer.
You headbutt the deep elf master archer!
The deep elf master archer is moderately wounded.
The deep elf master archer wields a +3 longbow.
The deep elf master archer shoots an arrow.
The arrow hits you!!
* * * LOW HITPOINT WARNING * * *
You feel much better.
The deep elf master archer shoots an arrow.
The arrow hits you!!
* * * LOW HITPOINT WARNING * * *
The deep elf master archer shoots an arrow.
The arrow hits you!!!
You die...

#....#.# #.# #.## #
#..###.# #.# ##..##
####...##.###[###....#
+....................#
####......###.###....#
# ##.##.## #........#
####.# #####.#### #.#
##[[e#### #.#
#.)@[[).# #### #.#
#.[[).### ...# #.#
#.#...# ##.# #.#
#.##.## #.# #.# #.##.#
##### ##.#####.#
#.##.###...####
.........#
#.##..........#
.#.#######
#.............# # ...#
####..........# ###


You could see a deep elf master archer.

Vanquished Creatures
  Jorgrun (D:12)
  2 deep elf blademasters (Elf:2)
  5 thorn hunters
  A fenstrider witch (Swamp:1)
  6 deep elf sorcerers
  A ghoul (Swamp:1)
  3 deep elf elementalists
  A reaper (IceCv)
  3 deep elf annihilators
  5 bunyips
  3 eleionomae
  2 deep elf death magi
  2 deep elf high priests
  2 shambling mangroves (Swamp:4)
  2 boulder beetles
  A spriggan air mage (Swamp:3)
  A naga warrior (Abyss:3)
  22 hydras
  3 centaur warriors
  A ghost crab (Swamp:1)
  A catoblepas (Gauntlet)
  2 ogre magi (Orc:2)
  9 death yaks
  16 two-headed ogres
  10 dancing weapons
  12 alligators
  2 tengu warriors
  4 orc high priests
  9 deep elf knights
  A fire crab (Lair:4)
  A death drake (Swamp:4)
  4 goliath frogs
  2 deep trolls (Orc:2)
  17 swamp dragons
  16 deep elf archers
  3 spriggan druids
  10 bog bodies
  3 orc knights
  A wizard (Gauntlet)
  23 deep elf zephyrmancers
  24 deep elf pyromancers
  6 cyclopes
  An ugly thing (D:8)
  An orc sorcerer (Orc:2)
  2 manticores
  4 will-o-the-wisps
  A wolf spider (Lair:6)
  Maurice (D:10)
  4 centaur zombies
  14 black mambas
  2 guardian serpents
  2 ice statues
  A molten gargoyle (Gauntlet)
  2 gargoyles
  Joseph (D:10)
  8 elephants (Lair:6)
  12 cane toads
  3 rime drakes
  A cane toad (shapeshifter) (D:12)
  An unseen horror (D:13)
  2 kobold demonologists (D:11)
  2 tengu conjurers
  An efreet (D:13)
  8 komodo dragons
  2 entropy weaver simulacra (IceCv)
  15 trolls
  6 tyrant leeches
  A polar bear (Lair:6)
  15 hornets
  6 slime creatures
  Prince Ribbit (D:6)
  4 dream sheep
  19 blink frogs
  2 air elementals
  4 redbacks (Lair:6)
  9 wyverns
  2 wraiths
  4 shadows
  9 spriggans
  33 yaks
  A dire elephant simulacrum (IceCv)
  Eustachio (D:5)
  A fire bat (Elf:2)
  2 basilisks
  A yak (shapeshifter) (Elf:1)
  A ynoxinul (Abyss:3)
  3 death yak simulacra (IceCv)
  2 steam dragons (D:9)
  6 vampire mosquitoes
  4 wargs
  Edmund (D:5)
  3 nagas (Abyss:3)
  13 swamp worms
  A harpy simulacrum (IceCv)
  4 acid dragons
  A large abomination (Abyss:3)
  30 water moccasins
  2 sky beasts
  Duvessa (D:6)
  10 swamp drakes
  15 orc warriors
  3 necrophages
  An ice beast (D:8)
  A black bear (D:8)
  2 hornet zombies (D:8)
  A tengu (shapeshifter) (D:13)
  21 ogres
  17 wolves
  6 centaurs
  2 elf zombies (Ossuary)
  2 kobold brigands
  15 bullfrogs
  2 wyvern zombies (D:5)
  5 earth elementals
  2 scorpions
  Dowan (D:6)
  2 two-headed ogre simulacra (IceCv)
  2 gnoll sergeants
  5 cane toad simulacra
  3 elephant simulacra
  3 jellies
  2 troll zombies (D:10)
  9 killer bees (D:10)
  7 howler monkeys
  3 wights (D:10)
  7 electric eels
  2 human zombies (Ossuary)
  A hound (D:6)
  Crazy Yiuf (D:3)
  2 iguanas
  10 orc priests
  A centaur skeleton (D:7)
  A gnoll shaman (D:6)
  Jessica (D:3)
  A bullfrog skeleton (D:6)
  Ijyb (D:3)
  20 orc wizards
  8 troll simulacra (IceCv)
  3 polar bear simulacra
  4 spriggan simulacra (IceCv)
  A wolf simulacrum (Lair:6)
  6 ogre zombies (D:10)
  A hound zombie (Ossuary)
  4 mummies (Ossuary)
  A howler monkey zombie (D:5)
  6 naga simulacra (IceCv)
  10 adders
  16 gnolls
  3 shadow imps
  11 white imps
  6 ufetubi (IceCv)
  An adder zombie (Ossuary)
  An adder skeleton (D:4)
  2 worms
  A dart slug (D:3)
  49 orcs
  7 endoplasms
  A giant cockroach (D:3)
  10 goblins
  6 hobgoblins
  8 jackals
  18 kobolds
  2 quokkas
  3 ball pythons
  5 bats
  A frilled lizard (D:3)
  2 goblin skeletons (D:10)
  6 goblin zombies
  A hobgoblin skeleton (D:10)
  3 hobgoblin zombies (D:10)
  2 jackal zombies (Ossuary)
  2 kobold zombies (Ossuary)
  3 orc skeletons (D:10)
  12 orc zombies (D:10)
  9 rats
  4 briar patches
956 creatures vanquished.

Vanquished Creatures (collateral kills)
  A minotaur (Gauntlet)
  2 hydras
  Urug (D:11)
  2 tyrant leeches (Lair:3)
6 creatures vanquished.

Vanquished Creatures (others)
  A deep elf archer (Elf:2)
  A deep elf zephyrmancer (Elf:2)
  2 bloated husks
  A hornet (Swamp:3)
  2 swamp worms (Swamp:2)
  An orc wizard (Orc:2)
  An orc (Orc:2)
  5 briar patches
  12 foxfires
  23 fungi
  57 plants
106 creatures vanquished.

Grand Total: 1068 creatures vanquished

Notes
Turn   | Place    | Note
-------+----------+-------------------------------------------
     0 | D:1      | karkarkar the Minotaur Berserker began the quest for the
                  | Orb.
     0 | D:1      | Reached XP level 1. HP: 19/19 MP: 0/0
   143 | D:1      | Reached XP level 2. HP: 17/27 MP: 1/1
   418 | D:1      | Reached ** piety under Trog
   559 | D:1      | Reached XP level 3. HP: 32/34 MP: 2/2
  1426 | D:2      | Found Arphyjao's Antique Armour Shoppe.
  2004 | D:3      | Noticed a centaur
  2009 | D:3      | Killed a centaur
  2010 | D:3      | Reached skill level 5 in Axes
  2010 | D:3      | Reached XP level 4. HP: 37/41 MP: 3/3
  2010 | D:3      | Reached XP level 5. HP: 43/47 MP: 4/4
  2136 | D:3      | Found a runed translucent door.
  2137 | D:3      | Noticed Crazy Yiuf
  2575 | D:3      | Noticed Ijyb
  2593 | D:3      | Reached skill level 5 in Fighting
  2632 | D:3      | Noticed Jessica
  2651 | D:3      | Killed Jessica
  2652 | D:3      | Reached skill level 1 in Shields
  2733 | D:3      | Killed Ijyb
  2791 | D:3      | Found a faded altar of an unknown god.
  3014 | D:3      | Killed Crazy Yiuf
  3015 | D:3      | Reached XP level 6. HP: 56/56 MP: 5/5
  4143 | D:5      | Entered Level 5 of the Dungeon
  4307 | D:5      | Found a glowing silver altar of Zin.
  4535 | D:5      | Noticed Eustachio
  4544 | D:5      | Killed Eustachio
  4545 | D:5      | Reached XP level 7. HP: 61/61 MP: 6/6
  4591 | D:5      | Found a hazy altar of Hepliaklqana.
  4628 | D:5      | Noticed Edmund
  4657 | D:5      | Killed Edmund
  4658 | D:5      | Reached skill level 5 in Armour
  5314 | D:6      | Reached skill level 1 in Stealth
  5545 | D:6      | Noticed Prince Ribbit
  5568 | D:6      | Killed Prince Ribbit
  5569 | D:6      | Reached XP level 8. HP: 64/70 MP: 7/7
  5744 | D:6      | Noticed Dowan
  5745 | D:6      | Noticed Duvessa
  5767 | D:6      | Killed Duvessa
  5767 | D:6      | Killed Dowan
  5838 | D:6      | Found a sand-covered staircase.
  5844 | Ossuary  | Entered an ossuary
  5857 | Ossuary  | Reached skill level 5 in Dodging
  5869 | Ossuary  | Reached *** piety under Trog
  6138 | D:6      | Identified the +7 hunting sling "Spiderbane" {freeze,
                  | Fragile MP-9 Dex+5 Stlth+}
  6462 | D:6      | Found Noemon's Assorted Antiques.
  6476 | D:6      | Found a radiant altar of Vehumet.
  6890 | D:6      | Reached XP level 9. HP: 32/78 MP: 8/8
  7203 | D:7      | Found a staircase to the Ecumenical Temple.
  7560 | D:2      | Bought a shiny buckler for 195 gold pieces
  7560 | D:2      | Bought a glowing hat for 182 gold pieces
  8459 | D:8      | Found Xeloceha's Antique Armour Boutique.
  8518 | D:8      | Reached skill level 10 in Axes
  8688 | D:8      | Found a staircase to the Lair.
  8695 | D:8      | Noticed a two-headed ogre
  9023 | D:7      | Reached XP level 10. HP: 60/88 MP: 9/9
  9149 | D:8      | Killed a two-headed ogre
  9478 | D:8      | Reached **** piety under Trog
  9479 | D:8      | Noticed a two-headed ogre
  9492 | D:8      | Killed a two-headed ogre
  9655 | D:8      | Noticed a centaur warrior
  9666 | D:8      | Killed a centaur warrior
  9675 | D:8      | Noticed a red ugly thing
  9693 | D:8      | Noticed a two-headed ogre
  9703 | D:8      | Killed a two-headed ogre
  9879 | D:8      | Noticed a cyclops
  9912 | D:8      | Killed a cyclops
 10114 | D:8      | Noticed a manticore
 10126 | D:8      | Killed a manticore
 10127 | D:8      | Reached XP level 11. HP: 63/97 MP: 10/10
 10130 | D:8      | Killed a red ugly thing
 10199 | D:8      | Noticed a centaur warrior
 10213 | D:8      | Killed a centaur warrior
 10214 | D:8      | Reached skill level 10 in Armour
 10452 | D:8      | Found a runed translucent gate.
 10452 | D:8      | Found a runed translucent gate.
 10453 | D:8      | Found a runed translucent gate.
 10455 | D:8      | Noticed Phlounder's ghost (novice DrAE)
 10575 | D:9      | Noticed a two-headed ogre
 10585 | D:8      | Killed a two-headed ogre
 10778 | D:9      | Found a glowing golden altar of the Shining One.
 11145 | D:9      | Noticed a two-headed ogre
 11167 | D:9      | Killed a two-headed ogre
 11503 | D:10     | Entered Level 10 of the Dungeon
 11618 | D:10     | Noticed Joseph
 11630 | D:10     | Killed Joseph
 11729 | D:10     | Reached ***** piety under Trog
 11771 | D:10     | Received a gift from Trog
 11885 | D:10     | Found a staircase to the Orcish Mines.
 11918 | D:10     | Reached skill level 10 in Fighting
 12087 | D:10     | Found an opulent altar of Gozag.
 12087 | D:10     | Found a sacrificial altar of Ru.
 12249 | D:10     | Found a shimmering altar of Xom.
 12250 | D:10     | Found a shadowy altar of Dithmenos.
 12253 | D:10     | Found a basalt altar of Yredelemnul.
 12317 | D:10     | Noticed Maurice
 12327 | D:10     | Killed Maurice
 13530 | D:11     | Noticed Urug
 13536 | D:11     | Noticed a four-headed hydra
 13549 | D:11     | Killed a seven-headed hydra
 13550 | D:11     | Reached skill level 10 in Dodging
 13550 | D:11     | Reached XP level 12. HP: 68/107 MP: 3/11
 13552 | D:11     | Killed Urug
 14017 | D:12     | Found Dubarud's General Store.
 14027 | D:12     | Bought a scroll of identify for 26 gold pieces
 14028 | D:12     | Found Riampao's Assorted Antiques.
 14039 | D:12     | Bought a pair of embroidered boots for 172 gold pieces
 14069 | D:12     | Noticed a boulder beetle
 14126 | D:12     | Killed a boulder beetle
 14458 | D:12     | Found Dinada's Magic Scroll Boutique.
 14462 | D:12     | Bought a scroll of enchant armour for 97 gold pieces
 14462 | D:12     | Bought a scroll of enchant armour for 97 gold pieces
 14462 | D:12     | Bought a scroll of enchant weapon for 97 gold pieces
 14462 | D:12     | Bought a scroll of identify for 26 gold pieces
 14705 | D:12     | Noticed a six-headed hydra
 15188 | D:12     | Noticed a two-headed ogre
 15196 | D:12     | Killed a two-headed ogre
 15364 | D:13     | Found a flagged portal.
 15368 | D:13     | Noticed Jorgrun
 15435 | D:12     | Killed Jorgrun
 15436 | D:12     | Reached skill level 15 in Axes
 15436 | D:12     | Reached skill level 1 in Throwing
 15846 | D:13     | Noticed a tengu warrior
 15847 | Bailey   | Entered a bailey
 15901 | D:13     | Noticed a centaur warrior
 15906 | D:13     | Killed a centaur warrior
 15920 | D:13     | Noticed a tengu warrior
 16002 | D:12     | Killed a tengu warrior
 16057 | D:13     | Killed a tengu warrior
 16063 | D:13     | Noticed a two-headed ogre
 16072 | D:13     | Killed a two-headed ogre
 16073 | D:13     | Reached XP level 13. HP: 92/116 MP: 4/12
 17095 | Orc:1    | Entered Level 1 of the Orcish Mines
 17171 | Orc:1    | Reached skill level 1 in Long Blades
 17731 | Orc:2    | Entered Level 2 of the Orcish Mines
 17914 | Orc:2    | Lost intelligence.
 18279 | Lair:1   | Entered Level 1 of the Lair of Beasts
 19630 | Lair:2   | Found a radiant altar of Vehumet.
 19792 | Lair:2   | Found a staircase to the Snake Pit.
 19820 | Lair:2   | Reached skill level 5 in Stealth
 21226 | Orc:2    | Found a shimmering blue altar of Sif Muna.
 21347 | Orc:2    | Found a staircase to the Elven Halls.
 21431 | Orc:2    | Reached XP level 14. HP: 64/127 MP: 4/13
 21966 | Orc:2    | Found Huuje's Book Emporium.
 21985 | Orc:2    | Found Juhaa's Book Shoppe.
 21986 | Orc:2    | Found Goq Vimp's Antique Armour Shop.
 22001 | Orc:2    | Found Mabyec's Antique Armour Shoppe.
 22072 | Orc:2    | Bought a shiny plate armour for 572 gold pieces
 22272 | Orc:2    | Bought a runed scarf for 176 gold pieces
 22671 | Lair:3   | Found a gate leading to a gauntlet.
 22848 | Lair:3   | Found a staircase to the Swamp.
 23031 | Gauntlet | Entered a Gauntlet
 23031 | Gauntlet | Found a transporter.
 23031 | Gauntlet | Found a transporter.
 23047 | Gauntlet | Found a transporter.
 23052 | Gauntlet | Found a runed translucent door.
 23061 | Gauntlet | Found a transporter.
 23061 | Gauntlet | Found a transporter.
 23061 | Gauntlet | Found a transporter.
 23063 | Gauntlet | Found a transporter.
 23063 | Gauntlet | Found a transporter.
 23077 | Gauntlet | Found a transporter.
 23093 | Gauntlet | Found a transporter.
 23103 | Gauntlet | Found a transporter.
 23120 | Gauntlet | Found a transporter.
 23133 | Gauntlet | Found the amulet of the Air {Inacc Air Fly rElec RMsl}
 23137 | Gauntlet | Found a transporter.
 23152 | Gauntlet | Found a transporter.
 23561 | Gauntlet | Identified the +5 scale mail of Autumn {rElec Str+3}
 25716 | Lair:5   | Found a basalt altar of Yredelemnul.
 26232 | Lair:5   | Reached skill level 1 in Evocations
 26249 | Lair:5   | Reached skill level 1 in Maces & Flails
 26601 | Lair:6   | Entered Level 6 of the Lair of Beasts
 26721 | Lair:6   | Found a viscous altar of Jiyva.
 26721 | Lair:6   | Found a staircase to the Slime Pits.
 26742 | Lair:5   | Reached XP level 15. HP: 41/139 MP: 4/14
 27071 | Lair:6   | Found a frozen archway.
 27094 | IceCv    | Entered an ice cave
 27336 | IceCv    | Reached skill level 5 in Shields
 27515 | IceCv    | Received a gift from Trog
 30048 | Lair:6   | Reached skill level 15 in Fighting
 30060 | Lair:6   | Reached skill level 15 in Armour
 30274 | Lair:6   | Reached ****** piety under Trog
 30536 | Lair:6   | Upgraded the game from 0.27-a0-1548-gf8a67e7463 to
                  | 0.27-a0-1555-g0e7b3fb1d2
 30750 | Swamp:1  | Entered Level 1 of the Swamp
 30750 | Swamp:1  | Noticed a fenstrider witch
 30996 | Swamp:1  | Killed a fenstrider witch
 31201 | Lair:3   | Received a gift from Trog
 32644 | Swamp:1  | Noticed a thorn hunter
 32663 | Swamp:1  | Killed a thorn hunter
 33048 | Swamp:1  | Reached XP level 16. HP: 149/149 MP: 5/15
 33325 | Swamp:2  | Noticed a thorn hunter
 33334 | Swamp:2  | Noticed a thorn hunter
 33941 | Swamp:1  | Killed a thorn hunter
 34270 | Swamp:2  | Killed a thorn hunter
 34886 | Swamp:3  | Reached skill level 5 in Long Blades
 35193 | Swamp:3  | Received a gift from Trog
 36148 | Swamp:4  | Entered Level 4 of the Swamp
 37414 | Swamp:4  | Reached skill level 5 in Throwing
 37571 | Swamp:4  | Noticed a thorn hunter
 37621 | Swamp:4  | Killed a thorn hunter
 37992 | Swamp:4  | Noticed a thorn hunter
 38008 | Swamp:4  | Killed a thorn hunter
 38009 | Swamp:4  | Reached XP level 17. HP: 144/158 MP: 16/16
 38021 | Swamp:4  | Received a gift from Trog
 38265 | Swamp:4  | Got a decaying rune of Zot
 38313 | Swamp:4  | Noticed Roxanne
 38736 | Orc:2    | Bought an embroidered cloak for 240 gold pieces
 38737 | Orc:2    | Bought a runed scarf for 256 gold pieces
 38805 | Elf:1    | Entered Level 1 of the Elven Halls
 39264 | Elf:1    | Paralysed by an air elemental for 1 turns
 39711 | Elf:1    | Received a gift from Trog
 39729 | Elf:1    | Reached skill level 5 in Maces & Flails
 40244 | Elf:1    | Reached skill level 15 in Dodging
 40570 | Elf:1    | Found a runed translucent gate.
 40570 | Elf:1    | Found a runed translucent gate.
 40571 | Elf:1    | Found a runed translucent gate.
 40571 | Elf:1    | Noticed Sobieck's ghost (adept DjFE)
 40571 | Elf:1    | Noticed Dittersdorf's ghost (adept GrFi)
 40572 | Elf:1    | Noticed pokeman's ghost (adept DEWz)
 40572 | Elf:1    | Noticed Fuonemn's ghost (veteran DDBe)
 40762 | Elf:2    | Found a huge runed translucent gate.
 40762 | Elf:2    | Found a huge runed translucent gate.
 40773 | Elf:2    | Found a huge runed translucent gate.
 40811 | Elf:2    | Paralysed by an air elemental for 1 turns
 40831 | Elf:2    | Received a gift from Trog
 42001 | Elf:2    | Found a huge runed translucent gate.
 42001 | Elf:2    | Found a huge runed translucent gate.
 42043 | Elf:3    | Entered Level 3 of the Elven Halls
 42093 | Elf:2    | Received a gift from Trog
 42821 | Elf:3    | Noticed a deep elf blademaster
 42826 | Elf:3    | Noticed a deep elf blademaster
 42854 | Elf:2    | Killed a deep elf blademaster
 43058 | Elf:2    | Killed a deep elf blademaster
 43211 | Elf:3    | Reached skill level 10 in Shields
 43216 | Elf:3    | Reached XP level 18. HP: 161/169 MP: 5/17
 43359 | Elf:3    | Cast into level 3 of the Abyss (a deep elf sorcerer)
 43440 | Elf:3    | Escaped the Abyss
 43459 | Elf:2    | Identified the +8 falchion of Dishonour {flame, rF- rC+
                  | Will+++ rCorr} (Trog gifted it to you on level 2 of the
                  | Elven Halls)
 43459 | Elf:2    | Received a gift from Trog
 44348 | Elf:2    | Reached skill level 1 in Short Blades
 44812 | Elf:2    | Shot with an arrow by a deep elf master archer

Illustrated notes

Levels and vault maps discovered:
D:1:      psy_arrival_dodecagon, layout_loops_cross
D:2:      layout_loops_corners, serial_shops, shop_fountains
D:3:      layout_basic, shapermc_ecumenical_altar_acropolis, minmay_cupped,
          uniq_jessica, uniq_crazy_yiuf_cottage, uniq_ijyb
D:4:      layout_loops_ring, amcnicky_mini_rare_corridor_liquid,
          chequers_decorated_corner
D:5:      layout_basic, zin_scriptorium, nicolae_hepliaklqana_hazy_memory,
          serial_rivers, chequers_serial_rivers_micro_e,
          chequers_serial_rivers_micro_e, chequers_serial_rivers_large_a,
          chequers_serial_rivers_micro_a, uniq_edmund, uniq_eustachio
D:6:      layout_basic, mainiacjoe_overflow_brackets, enter_ossuary_2,
          serial_shops, nicolae_shop_trees, nrook_mini_vaults, uniq_duvessa,
          uniq_prince_ribbit1
D:7:      layout_gridville, minmay_temple_entry_tees
D:8:      nzn_winding_woodlands_small [nzn_winding_woodlands_5x15_zeroes,
          nzn_winding_woodlands_center_pierced_h,
          nzn_winding_woodlands_5x15_pathside_ponds], layout_loops_ring,
          erik_lair_orcish_takeover, ebering_ghost_rock_garden, serial_shops,
          nicolae_stop_n_shop_2
D:9:      kennysheep_blocky_hall, layout_loops_cross,
          mainiacjoe_overflow_concentric_impassable
D:10:     layout_gridville, minitemple, gammafunk_temple_overflow_elements,
          zombieorc2_lemuel, uniq_joseph, uniq_maurice
D:11:     layout_basic, uniq_urug
D:12:     minmay_weird_star, layout_small_grid, serial_shops, shop, shop,
          kennysheep_mini
D:13:     layout_grid_maze, enter_bailey_5, uniq_jorgrun
Lair:1:   layout_cave_pods, serial_bayou_shore_a
Lair:2:   layout_cave_pods, minmay_snake_entry_six_corridors, basic_altar,
          lemuel_fruit_tree
Lair:3:   layout_roguey, swamp_mist_pool, gauntlet_entry_generic
Lair:4:   layout_concentric_octagons, minivault_25
Lair:5:   layout_gridlike, basic_altar, chequers_serial_rivers_small_a
Lair:6:   hangedman_lair_tendril_chambers, layout_cave_shapes,
          dpeg_slime_entry_enclosed_altar, portal_ice_cave_entry_ice_simulacra,
          st_stairs_4
Swamp:1:  layout_falls_marsh, evilmike_swamp_ruin_rubble_2
Swamp:2:  layout_basic_swamp, evilmike_swamp_ruin_house_1,
          wheals_swamp_sinkhole, nicolae_swamp_orc_logging_accident
Swamp:3:  layout_falls_marsh, evilmike_swamp_ruin_wall,
          nicolae_swamp_frolicking_bunyips, infiniplex_staircase_pool
Swamp:4:  swamp_basic_johnstein, layout_basic_swamp, swamp_pool4, uniq_roxanne
Orc:1:    layout_caves
Orc:2:    st_orc_open, layout_caves, led_sif_book
Elf:1:    minmay_elf_arrival_summoners, layout_geoelf_grid,
          gammafunk_ghost_cemetery, hangedman_elf_represent, glass_columns_c
Elf:2:    layout_loops_corners
Elf:3:    elf_hall, layout_rooms, special_room [special_room_orc],
          minmay_fountain_box

Skill      XL: |  1  2  3  4  5  6  7  8  9 10 11 12 13 14 15 16 17 18 |
---------------+-------------------------------------------------------+-----
Fighting       | 4 5 6 7 9 10 11 12 14 15 16 17 | 17.4
Axes           | 4 5 6 7 9 10 12 14 15 16 17 | 17.9
Dodging        | 3 4 5 7 8 10 11 12 13 14 15 | 15.5
Shields        | 1 2 3 4 6 8 10 | 10.7
Armour         | 3 4 5 6 8 9 10 12 13 14 15 16 | 16.9
Stealth        | 1 3 5 6 |  6.8
Throwing       | 1 5 7 |  7.8
Long Blades    | 3 4 5 |  5.4
Evocations     | 1 4 |  4.7
Maces & Flails | 2 5 |  5.8
Short Blades   | 1 |  1.3

Action                   |  1- 3 |  4- 6 |  7- 9 | 10-12 | 13-15 | 16-18 || total
-------------------------+-------+-------+-------+-------+-------+-------++-------
Melee: Hand axe          |    86 |   155 |   214 |       |       |       ||   455
       Headbutt          |    18 |    31 |    75 |   154 |   376 |   246 ||   900
       War axe           |       |       |   112 |   610 |   827 |       ||  1549
       Scimitar          |       |       |       |       |    80 |    24 ||   104
       Demon whip        |       |       |       |       |    42 |   160 ||   202
       Broad axe         |       |       |       |       |   444 |   811 ||  1255
       Falchion          |       |       |       |       |       |    59 ||    59
Throw: Dart              |       |       |       |     1 |     4 |       ||     5
       Javelin           |       |       |       |    10 |     9 |    20 ||    39
Invok: Trog's Hand       |       |     4 |     5 |    14 |    20 |    25 ||    68
       Berserk           |       |     1 |       |     1 |       |       ||     2
       Brothers in Arms  |       |       |       |     1 |     3 |       ||     4
Evoke: Wand              |       |       |       |     6 |     4 |       ||    10
  Use: Scroll            |     2 |     5 |     3 |     8 |    17 |     5 ||    40
       Potion            |       |       |       |     8 |     5 |     6 ||    19
 Stab: Distracted        |       |       |       |       |     1 |       ||     1
Armor: Animal skin       |    13 |       |       |       |       |       ||    13
       Plate armour      |     9 |    64 |   198 |   263 |   767 |   557 ||  1858
Dodge: Dodged            |    46 |    37 |    83 |   293 |   855 |   768 ||  2082
       Repelled          |       |       |       |       |     8 |    39 ||    47
Block: Other             |    10 |    30 |    46 |       |       |       ||    86
       Reflection        |       |     1 |     2 |    15 |     5 |       ||    23
       Buckler           |       |       |    83 |   331 |   517 |   257 ||  1188
       Kite shield       |       |       |       |       |   246 |   270 ||   516
       Rpst.: Scimitar   |       |       |       |       |    19 |     2 ||    21
       Falchion          |       |       |       |       |       |     9 ||     9

Table legend: (Time is in decaauts)
 A = Elapsed time spent in this place.
 B = Non-inter-level travel time spent in this place.
 C = Inter-level travel time spent in this place.
 D = Time resting spent in this place.
 E = Time spent auto-exploring this place.
 F = Levels seen in this place.
 G = Mean time per level.
                   A        B        C        D        E       F      G
               +--------+--------+--------+--------+--------+-----+--------+
         Total |  45674 |  43904 |   1770 |  11549 |  21384 |  33 | 1384.1 |
       Dungeon |  17063 |  16026 |   1037 |   2611 |   9702 |  13 | 1312.5 |
          Lair |   9906 |   9471 |    435 |   1838 |   5794 |   6 | 1651.0 |
         Swamp |   7014 |   6920 |     94 |   2989 |   2031 |   4 | 1753.5 |
  Orcish Mines |   3131 |   2951 |    180 |    806 |   1002 |   2 | 1565.5 |
   Elven Halls |   5677 |   5655 |     22 |   2554 |   1722 |   3 | 1892.3 |
         Abyss |     75 |     75 |      0 |      0 |      0 |   1 |   75.0 |
       Ossuary |    279 |    279 |      0 |     97 |     95 |   1 |  279.0 |
        Bailey |      2 |      2 |      0 |      0 |      0 |   1 |    2.0 |
      Ice Cave |   1622 |   1622 |      0 |    455 |    834 |   1 | 1622.0 |
      Gauntlet |    900 |    900 |      0 |    199 |    203 |   1 |  900.0 |
               +--------+--------+--------+--------+--------+-----+--------+

Top non-repeatable levels by time:
   Elf:2: 3662 daAuts
 Swamp:1: 2358 daAuts
 Swamp:3: 2114 daAuts
  Lair:6: 2095 daAuts
  Lair:1: 1923 daAuts
     D:7: 1889 daAuts
  Lair:3: 1860 daAuts
   Orc:2: 1834 daAuts
   IceCv: 1622 daAuts
    D:12: 1620 daAuts
   Elf:1: 1619 daAuts
     D:8: 1574 daAuts
     D:6: 1558 daAuts
    D:10: 1519 daAuts
    D:11: 1437 daAuts
